Senateurs vs Sabres
(R1)
Created - October 23, 2024 at 21:47
Goals
|
| Senateurs |
1 |
0 |
2 |
3 |
| Sabres |
0 |
1 |
0 |
1 |
|
Shots
|
| Senateurs |
11 |
4 |
12 |
27 |
| Sabres |
6 |
5 |
6 |
17 |
|
1st period
1. Senateurs , Jordan Schmaltz 1 (Zachary Sanford 1, Richard Panik 1) at 15:45 (PP)
Penalties :
Artemi Panarin (Buf) for Roughing (Minor) at 4:47, Robby Fabbri (Buf) for Holding (Minor) at 7:33, Tyson Barrie (Buf) for Holding (Minor) at 14:55, Dennis Everberg (Ott) for Cross-checking (Minor) at 0:00
2nd period
2. Sabres , Artemi Panarin 2 (Cal Clutterbuck 1) at 8:47
Penalties :
Cal Clutterbuck (Buf) for Hooking (Minor) at 3:26, Evgeni Malkin (Buf) for Slashing (Minor) at 10:27, Artemi Panarin (Buf) for Roughing (Minor) at 18:45
3rd period
3. Senateurs , Alex Iafallo 1 (Nick Bjugstad 1, Eric Gelinas 1) at 1:39
4. Senateurs , Vincent Trocheck 1 (Riley Sheahan 1, Jordan Martinook 1) at 6:28
Penalties :
No Penalty
Goalie Stats
Martin Jones (Ott), 16 saves from 17 shots - (0.941), W, 1-1-0, 60:00 minutes
John Gibson (Buf), 24 saves from 27 shots - (0.889), L, 1-1-1, 60:00 minutes
Players Stats for Senateurs
Player Name G A P +/- PIM S H SB GA TA FO MP PP MP PK MP
------------------------------------------------------------------------------------
Alex Iafallo 1 0 1 0 0 2 0 0 1 1 0/2 21:32 5:30 1:18
Brendan Smith 0 0 0 0 0 1 0 1 0 0 0/0 15:22 0:00 0:41
Dennis Everberg 0 0 0 0 2 4 1 0 0 0 0/0 9:02 0:02 0:00
Dmitry Sinitsyn 0 0 0 0 0 0 2 1 0 0 0/0 18:19 4:14 0:00
Eric Gelinas 0 1 1 0 0 0 0 0 1 0 0/0 15:22 0:00 0:41
Jake Gardiner 0 0 0 1 0 0 1 0 1 1 0/0 26:19 6:31 1:19
Jared Cowen 0 0 0 1 0 0 1 4 1 1 0/0 26:41 6:31 1:19
Joel Eriksson Ek 0 0 0 0 0 3 1 0 0 0 1/4 17:11 5:01 0:05
Jordan Martinook 0 1 1 1 0 2 1 0 0 0 0/0 12:57 0:02 0:42
Jordan Schmaltz 1 0 1 0 0 2 1 0 1 0 0/0 17:57 4:14 0:00
Michael Frolik 0 0 0 0 0 5 3 1 3 0 0/1 20:27 5:42 0:00
Nick Bjugstad 0 1 1 0 0 3 2 0 0 0 16/29 21:46 5:42 1:19
Quinton Howden 0 0 0 0 0 1 0 0 1 0 3/5 8:22 0:00 0:00
Richard Panik 0 1 1 0 0 1 1 1 0 1 0/2 17:11 5:01 0:00
Riley Sheahan 0 1 1 1 0 1 1 0 1 0 1/1 11:20 0:00 0:00
Tim Schaller 0 0 0 0 0 0 1 0 0 0 0/0 8:22 0:00 0:00
Vincent Trocheck 1 0 1 1 0 2 0 0 1 0 2/2 12:54 0:14 0:36
Zachary Sanford 0 1 1 0 0 0 1 0 0 0 0/0 16:56 5:01 0:00
Players Stats for Sabres
Player Name G A P +/- PIM S H SB GA TA FO MP PP MP PK MP
------------------------------------------------------------------------------------
Artemi Panarin 1 0 1 1 4 2 0 0 0 0 1/3 18:10 0:56 3:31
Cal Clutterbuck 0 1 1 1 2 0 2 0 0 0 0/0 14:15 0:56 0:00
Corey Perry 0 0 0 -1 0 3 0 1 1 0 0/0 14:04 0:00 0:00
Evgeni Malkin 0 0 0 -1 2 3 4 0 1 1 5/8 16:21 0:00 2:57
Ilya Kovalchuk 0 0 0 1 0 0 0 0 0 0 1/1 2:34 0:00 0:00
Jordan Staal 0 0 0 0 0 2 1 0 0 0 3/8 18:05 1:04 3:03
Kyle Okposo 0 0 0 -1 0 0 0 0 0 0 0/0 9:14 0:00 3:05
Kyle Rau 0 0 0 -1 0 0 1 0 0 0 0/1 5:49 0:00 0:11
Mathew Dumba 0 0 0 -1 0 2 1 3 0 2 0/0 27:03 1:01 6:37
Mika Zibanejad 0 0 0 -1 0 1 2 0 1 1 11/23 23:59 0:56 5:45
Nate Schmidt 0 0 0 0 0 1 1 3 0 0 0/0 19:32 0:59 3:43
Neal Pionk 0 0 0 0 0 1 2 0 0 1 0/0 19:32 0:59 3:43
Noah Hanifin 0 0 0 0 0 0 0 0 0 1 0/0 13:25 0:00 0:25
Robby Fabbri 0 0 0 -1 2 0 1 1 0 0 1/1 16:26 0:00 2:26
Samuel Morin 0 0 0 0 0 1 2 0 0 1 0/0 15:16 1:04 0:32
Tyson Barrie 0 0 0 0 2 0 1 1 0 1 0/0 13:24 0:00 0:25
Victor Hedman 0 0 0 -1 0 1 3 1 0 3 0/0 27:03 1:01 6:37
Viktor Arvidsson 0 0 0 0 0 0 3 1 1 0 1/1 14:57 1:04 0:00
3 Stars
1 - Vincent Trocheck (Ott)
2 - Jordan Schmaltz (Ott)
3 - Alex Iafallo (Ott)
Power Play
Senateurs - 1 on 6 Attempt(s) - 16.67%
Sabres - 0 on 1 Attempt(s) - 0.00%
Penalty Kill
Senateurs - 1 on 1 Attempt(s) - 100.00%
- Score 0 goal in Penalty Kill
Sabres - 5 on 6 Attempt(s) - 83.33%
- Score 0 goal in Penalty Kill
Team Stat
Senateurs - Hits : 17 - Faceoff Wins : 23 - Blocked Shots : 8 - Penalty Minutes : 2
Sabres - Hits : 24 - Faceoff Wins : 23 - Blocked Shots : 11 - Penalty Minutes : 12
Official
Referees : Brandon Schrader and Eric Furlatt
Linesman : Kiel Murchison and Tony Sericolo
Game Notes
No Game Note
Finance
Level 1 -- Attendance: 5648 (94.13%) -- Ticket Income $564,800
Level 2 -- Attendance: 5000 (100.00%) -- Ticket Income $350,000
Level 3 -- Attendance: 1970 (98.50%) -- Ticket Income $78,800
Level 4 -- Attendance: 3934 (98.35%) -- Ticket Income $118,020
Luxury Box -- Attendance: 996 (99.60%) -- Ticket Income $199,200
Game was played at the Key Bank Center.
Total Attendance: 17548 (97.49%)
Total Ticket Income: $1,310,820
Other Income: $196,623
Total Income: $1,507,443
Senateurs
5 vs 5 Forward
Center Left Wing Right Wing Time % Phy DF OF
1 Nick Bjugstad Alex Iafallo Michael Frolik 40 0 2 3
2 Joel Eriksson Ek Zachary Sanford Richard Panik 30 1 2 2
3 Vincent Trocheck Jordan Martinook Riley Sheahan 20 1 2 2
4 Quinton Howden Tim Schaller Dennis Everberg 10 1 2 2
5 vs 5 Defense
Defense Defense Time % Phy DF OF
1 Jake Gardiner Jared Cowen 40 0 2 3
2 Eric Gelinas Brendan Smith 30 1 2 2
3 Dmitry Sinitsyn Jordan Schmaltz 20 1 2 2
4 Dmitry Sinitsyn Jared Cowen 10 1 2 2
PowerPlay Forward
Center Left Wing Right Wing Time % Phy DF OF
1 Nick Bjugstad Alex Iafallo Michael Frolik 60 0 0 5
2 Joel Eriksson Ek Zachary Sanford Richard Panik 40 0 0 5
PowerPlay Defense
Defense Defense Time % Phy DF OF
1 Jake Gardiner Jared Cowen 60 0 0 5
2 Dmitry Sinitsyn Jordan Schmaltz 40 0 0 5
Penalty Kill 4 Players Forward
Center Wing Time % Phy DF OF
1 Nick Bjugstad Alex Iafallo 60 1 3 1
2 Vincent Trocheck Jordan Martinook 40 1 3 1
Penalty Kill 4 Players Defense
Defense Defense Time % Phy DF OF
1 Jake Gardiner Jared Cowen 60 1 3 1
2 Eric Gelinas Brendan Smith 40 1 3 1
Penalty Kill - 3 Players Forward
Forward Time % Phy DF OF
1 Nick Bjugstad 60 1 3 1
2 Vincent Trocheck 40 1 3 1
Penalty Kill - 3 Players Defense
Defense Defense Time % Phy DF OF
1 Jake Gardiner Jared Cowen 60 1 3 1
2 Eric Gelinas Brendan Smith 40 1 3 1
4 vs 4 Forward
Center Wing Time % Phy DF OF
1 Nick Bjugstad Alex Iafallo 60 1 3 1
2 Vincent Trocheck Jordan Martinook 40 1 3 1
4 vs 4 Defense
Defense Defense Time % Phy DF OF
1 Jake Gardiner Jared Cowen 60 1 3 1
2 Eric Gelinas Brendan Smith 40 1 3 1
Last Minutes Offensive
Center Left Wing Right Wing Defense Defense
Nick Bjugstad Alex Iafallo Michael Frolik Jake Gardiner Jared Cowen
Last Minutes Defensive
Center Left Wing Right Wing Defense Defense
Nick Bjugstad Alex Iafallo Michael Frolik Jake Gardiner Jared Cowen
Goaltenders
Starting : Martin Jones
Backup : Mikko Koskinen
Extra Forwards
Normal : Vincent Trocheck, Richard Panik, Jordan Martinook - PP : Vincent Trocheck, Richard Panik - PK : Vincent Trocheck
Extra Defensemen
Normal : Brendan Smith, Dmitry Sinitsyn, Jordan Schmaltz - PP : Brendan Smith - PK : Brendan Smith, Dmitry Sinitsyn
Penalty Shots
Nick Bjugstad, Michael Frolik, Riley Sheahan, Alex Iafallo, Vincent Trocheck
Custom OT Lines Forwards
Nick Bjugstad, Michael Frolik, Riley Sheahan, Alex Iafallo, Vincent Trocheck, Richard Panik, Jordan Martinook, Quinton Howden, Zachary Sanford, Dennis Everberg
Custom OT Lines Defensemen
Jake Gardiner, Jared Cowen, Eric Gelinas, Brendan Smith, Dmitry Sinitsyn
Scratches
Rostislav Olesz (Healthy), Zac Leslie (Healthy)
Sabres
5 vs 5 Forward
Center Left Wing Right Wing Time % Phy DF OF
1 Mika Zibanejad Artemi Panarin Cal Clutterbuck 40 1 2 2
2 Jordan Staal Samuel Morin Viktor Arvidsson 30 1 2 2
3 Evgeni Malkin Robby Fabbri Corey Perry 20 1 2 2
4 Kyle Rau Mika Zibanejad Kyle Okposo 10 1 2 2
5 vs 5 Defense
Defense Defense Time % Phy DF OF
1 Mathew Dumba Victor Hedman 40 1 2 2
2 Nate Schmidt Neal Pionk 30 1 2 2
3 Tyson Barrie Noah Hanifin 20 1 2 2
4 Mathew Dumba Victor Hedman 10 1 2 2
PowerPlay Forward
Center Left Wing Right Wing Time % Phy DF OF
1 Mika Zibanejad Artemi Panarin Cal Clutterbuck 60 1 2 2
2 Jordan Staal Samuel Morin Viktor Arvidsson 40 1 2 2
PowerPlay Defense
Defense Defense Time % Phy DF OF
1 Mathew Dumba Victor Hedman 60 1 2 2
2 Nate Schmidt Neal Pionk 40 1 2 2
Penalty Kill 4 Players Forward
Center Wing Time % Phy DF OF
1 Mika Zibanejad Artemi Panarin 60 1 2 2
2 Jordan Staal Evgeni Malkin 40 1 2 2
Penalty Kill 4 Players Defense
Defense Defense Time % Phy DF OF
1 Mathew Dumba Victor Hedman 60 1 2 2
2 Nate Schmidt Neal Pionk 40 1 2 2
Penalty Kill - 3 Players Forward
Forward Time % Phy DF OF
1 Mika Zibanejad 60 1 2 2
2 Artemi Panarin 40 1 2 2
Penalty Kill - 3 Players Defense
Defense Defense Time % Phy DF OF
1 Mathew Dumba Victor Hedman 60 1 2 2
2 Nate Schmidt Neal Pionk 40 1 2 2
4 vs 4 Forward
Center Wing Time % Phy DF OF
1 Mika Zibanejad Artemi Panarin 60 1 2 2
2 Jordan Staal Evgeni Malkin 40 1 2 2
4 vs 4 Defense
Defense Defense Time % Phy DF OF
1 Mathew Dumba Victor Hedman 60 1 2 2
2 Nate Schmidt Neal Pionk 40 1 2 2
Last Minutes Offensive
Center Left Wing Right Wing Defense Defense
Mika Zibanejad Artemi Panarin Cal Clutterbuck Mathew Dumba Victor Hedman
Last Minutes Defensive
Center Left Wing Right Wing Defense Defense
Mika Zibanejad Artemi Panarin Cal Clutterbuck Mathew Dumba Victor Hedman
Goaltenders
Starting : John Gibson
Backup : Cam Talbot
Extra Forwards
Normal : Ilya Kovalchuk, Corey Perry, Kyle Okposo - PP : Ilya Kovalchuk, Corey Perry - PK : Kyle Okposo
Extra Defensemen
Normal : Tyson Barrie, Noah Hanifin, Nate Schmidt - PP : Tyson Barrie - PK : Noah Hanifin, Nate Schmidt
Penalty Shots
Mika Zibanejad, Artemi Panarin, Jordan Staal, Evgeni Malkin, Cal Clutterbuck
Custom OT Lines Forwards
Mika Zibanejad, Artemi Panarin, Jordan Staal, Evgeni Malkin, Cal Clutterbuck, Viktor Arvidsson, Samuel Morin, Corey Perry, Kyle Okposo, Ilya Kovalchuk
Custom OT Lines Defensemen
Mathew Dumba, Victor Hedman, Nate Schmidt, Neal Pionk, Tyson Barrie
Scratches
Alex Killorn (Healthy)
% Time on Ice - Senateurs
Lines # - Real PCT - Wanted PCT - Time Play
Normal Forward
1 - 33% - 40% - 15:38
2 - 25% - 30% - 11:55
3 - 24% - 20% - 11:20
4 - 18% - 10% - 8:22
Normal Defense
1 - 39% - 40% - 18:29
2 - 35% - 30% - 16:39
3 - 23% - 20% - 10:55
4 - 3% - 10% - 1:12
PP Forward
1 - 53% - 60% - 5:44
2 - 47% - 40% - 5:01
PP Defense
1 - 61% - 60% - 6:31
2 - 39% - 40% - 4:14
PK Forward
1 - 73% - 60% - 1:27
2 - 28% - 40% - 0:33
PK Defense
1 - 66% - 60% - 1:19
2 - 34% - 40% - 0:41
PK3 Forward
1 - 0% - 60%
2 - 0% - 40%
PK3 Defense
1 - 0% - 60%
2 - 0% - 40%
44 Forward
1 - 0% - 60%
2 - 0% - 40%
44 Defense
1 - 0% - 60%
2 - 0% - 40%
Last Minute Offensive - 0:00
Last Minute Defensive - 0:00
Total
Forward - 60:00
Defense - 60:00
|
% Time on Ice - Sabres
Lines # - Real PCT - Wanted PCT - Time Play
Normal Forward
1 - 30% - 40% - 14:19
2 - 30% - 30% - 14:07
3 - 28% - 20% - 13:12
4 - 12% - 10% - 5:37
Normal Defense
1 - 40% - 40% - 18:47
2 - 31% - 30% - 14:50
3 - 27% - 20% - 12:36
4 - 2% - 10% - 1:02
PP Forward
1 - 47% - 60% - 0:56
2 - 53% - 40% - 1:04
PP Defense
1 - 51% - 60% - 1:01
2 - 49% - 40% - 0:59
PK Forward
1 - 72% - 60% - 7:42
2 - 28% - 40% - 3:03
PK Defense
1 - 65% - 60% - 7:02
2 - 35% - 40% - 3:43
PK3 Forward
1 - 0% - 60%
2 - 0% - 40%
PK3 Defense
1 - 0% - 60%
2 - 0% - 40%
44 Forward
1 - 0% - 60%
2 - 0% - 40%
44 Defense
1 - 0% - 60%
2 - 0% - 40%
Last Minute Offensive - 0:00
Last Minute Defensive - 0:00
Total
Forward - 60:00
Defense - 60:00
|
Play-by-Play
1st period
0:01 of 1st period - Mika Zibanejad wins face-off versus Nick Bjugstad in neutral zone.
0:04 of 1st period - Snap shot by Victor Hedman.
0:04 of 1st period - Shot Misses the Net.
0:26 of 1st period - Jake Gardiner is hit by Samuel Morin and loses puck.
0:56 of 1st period - Wrist shot by Corey Perry.
0:56 of 1st period - Stopped by Martin Jones with a rebound.
0:58 of 1st period - Slapshot by Neal Pionk.
0:58 of 1st period - Shot Misses the Net.
1:00 of 1st period - Snap shot by Robby Fabbri.
1:00 of 1st period - Shot Blocked by Brendan Smith.
1:02 of 1st period - Slapshot by Nate Schmidt.
1:02 of 1st period - Stopped by Martin Jones without a rebound.
1:03 of 1st period - Quinton Howden wins face-off versus Kyle Rau in Senateurs zone.
1:08 of 1st period - Slapshot by Jordan Schmaltz.
1:08 of 1st period - Stopped by John Gibson with a rebound.
1:28 of 1st period - Michael Frolik is hit by Tyson Barrie and loses puck.
2:36 of 1st period - Wrist shot by Dennis Everberg.
2:36 of 1st period - Stopped by John Gibson without a rebound.
2:37 of 1st period - Quinton Howden wins face-off versus Mika Zibanejad in Sabres zone.
2:40 of 1st period - Snap shot by Dennis Everberg.
2:40 of 1st period - Stopped by John Gibson without a rebound.
2:41 of 1st period - Nick Bjugstad wins face-off versus Mika Zibanejad in Sabres zone.
2:50 of 1st period - Snap shot by Alex Iafallo.
2:50 of 1st period - Deflect By Michael Frolik.
2:50 of 1st period - Shot Misses the Net.
2:50 of 1st period - Puck is out of play.
2:51 of 1st period - Nick Bjugstad wins face-off versus Mika Zibanejad in Sabres zone.
4:18 of 1st period - Samuel Morin is hit by Nick Bjugstad.
4:47 of 1st period - Minor Penalty to Artemi Panarin for Roughing.
4:48 of 1st period - Mika Zibanejad wins face-off versus Nick Bjugstad in Sabres zone.
5:26 of 1st period - Nate Schmidt is hit by Jared Cowen and loses puck.
5:59 of 1st period - Slapshot by Mathew Dumba.
5:59 of 1st period - Stopped by Martin Jones with a rebound.
6:47 of 1st period - Penalty to Artemi Panarin is over, Artemi Panarin is back on ice.
6:52 of 1st period - Icing by Artemi Panarin.
6:53 of 1st period - Riley Sheahan wins face-off versus Jordan Staal in Sabres zone.
7:06 of 1st period - Brendan Smith is hit by Mathew Dumba and loses puck.
7:31 of 1st period - Wrist shot by Quinton Howden.
7:31 of 1st period - Shot Misses the Net.
7:33 of 1st period - Minor Penalty to Robby Fabbri for Holding.
7:34 of 1st period - Nick Bjugstad wins face-off versus Artemi Panarin in Sabres zone.
9:33 of 1st period - Penalty to Robby Fabbri is over, Robby Fabbri is back on ice.
10:24 of 1st period - Snap shot by Quinton Howden.
10:24 of 1st period - Shot Blocked by Nate Schmidt.
11:15 of 1st period - Icing by Noah Hanifin.
11:16 of 1st period - Nick Bjugstad wins face-off versus Jordan Staal in Sabres zone.
11:29 of 1st period - Jordan Staal is hit by Michael Frolik and loses puck.
11:46 of 1st period - Slapshot by Samuel Morin.
11:46 of 1st period - Shot Blocked by Dmitry Sinitsyn.
12:44 of 1st period - Wrist shot by Vincent Trocheck.
12:44 of 1st period - Shot Misses the Net.
12:46 of 1st period - Slapshot by Eric Gelinas.
12:46 of 1st period - Shot Hit the Post.
12:50 of 1st period - Snap shot by Riley Sheahan.
12:50 of 1st period - Deflect By Jordan Martinook.
12:50 of 1st period - Stopped by John Gibson without a rebound.
12:51 of 1st period - Mika Zibanejad wins face-off versus Nick Bjugstad in Sabres zone.
12:58 of 1st period - Wrist shot by Artemi Panarin.
12:58 of 1st period - Deflect By Mika Zibanejad.
12:58 of 1st period - Stopped by Martin Jones with a rebound.
13:16 of 1st period - Richard Panik is hit by Neal Pionk and loses puck.
13:53 of 1st period - Jared Cowen is hit by Kyle Rau and loses puck.
14:05 of 1st period - Off-side.
14:06 of 1st period - Nick Bjugstad wins face-off versus Evgeni Malkin in neutral zone.
14:08 of 1st period - Off-side.
14:09 of 1st period - Evgeni Malkin wins face-off versus Michael Frolik in neutral zone.
14:14 of 1st period - Dmitry Sinitsyn is hit by Evgeni Malkin and loses puck.
14:28 of 1st period - Snap shot by Robby Fabbri.
14:28 of 1st period - Deflect By Evgeni Malkin.
14:28 of 1st period - Stopped by Martin Jones with a rebound.
14:36 of 1st period - Wrist shot by Michael Frolik.
14:36 of 1st period - Stopped by John Gibson with a rebound.
14:38 of 1st period - Wrist shot by Alex Iafallo.
14:38 of 1st period - Shot Misses the Net.
14:40 of 1st period - Slapshot by Dmitry Sinitsyn.
14:40 of 1st period - Shot Blocked by Robby Fabbri.
14:46 of 1st period - Slapshot by Michael Frolik.
14:46 of 1st period - Stopped by John Gibson with a rebound.
14:55 of 1st period - Minor Penalty to Tyson Barrie for Holding.
14:56 of 1st period - Mika Zibanejad wins face-off versus Richard Panik in Sabres zone.
15:10 of 1st period - Snap shot by Joel Eriksson Ek.
15:10 of 1st period - Stopped by John Gibson without a rebound.
15:11 of 1st period - Nick Bjugstad wins face-off versus Mika Zibanejad in Sabres zone.
15:43 of 1st period - Slapshot by Zachary Sanford.
15:43 of 1st period - Shot Misses the Net.
15:45 of 1st period - Slapshot by Jordan Schmaltz.
15:45 of 1st period - Goal by Jordan Schmaltz - Senateurs : 1 - Sabres : 0.
15:46 of 1st period - Nick Bjugstad wins face-off versus Mika Zibanejad in neutral zone.
15:53 of 1st period - Wrist shot by Nick Bjugstad.
15:53 of 1st period - Stopped by John Gibson with a rebound.
15:59 of 1st period - Wrist shot by Artemi Panarin.
15:59 of 1st period - Shot Misses the Net.
16:11 of 1st period - Nate Schmidt is hit by Jordan Martinook and loses puck.
16:36 of 1st period - Slapshot by Mathew Dumba.
16:36 of 1st period - Shot Blocked by Jared Cowen.
16:40 of 1st period - Snap shot by Evgeni Malkin.
16:40 of 1st period - Stopped by Martin Jones with a rebound.
16:42 of 1st period - Slapshot by Tyson Barrie.
16:42 of 1st period - Shot Blocked by Jared Cowen.
17:01 of 1st period - Jared Cowen is hit by Mika Zibanejad.
17:35 of 1st period - Snap shot by Vincent Trocheck.
17:35 of 1st period - Shot Blocked by Tyson Barrie.
17:53 of 1st period - Snap shot by Joel Eriksson Ek.
17:53 of 1st period - Stopped by John Gibson with a rebound.
18:20 of 1st period - Michael Frolik is hit by Nate Schmidt and loses puck.
19:33 of 1st period - Wrist shot by Jordan Martinook.
19:33 of 1st period - Stopped by John Gibson with a rebound.
19:47 of 1st period - Robby Fabbri is hit by Tim Schaller and loses puck.
Goals for this period are 1 for Senateurs vs 0 for Sabres.
Shots for this period are 11 for Senateurs vs 6 for Sabres.
0:00 of 2nd period - Minor Penalty to Dennis Everberg for Cross-checking.
2nd period
0:01 of 2nd period - Nick Bjugstad wins face-off versus Mika Zibanejad in neutral zone.
0:31 of 2nd period - Off-side.
0:32 of 2nd period - Jordan Staal wins face-off versus Nick Bjugstad in neutral zone.
1:03 of 2nd period - Wrist shot by Samuel Morin.
1:03 of 2nd period - Shot Misses the Net.
1:07 of 2nd period - Slapshot by Jordan Staal.
1:07 of 2nd period - Deflect By Samuel Morin.
1:07 of 2nd period - Shot Misses the Net.
1:07 of 2nd period - Puck is out of play.
1:08 of 2nd period - Mika Zibanejad wins face-off versus Nick Bjugstad in Senateurs zone.
1:21 of 2nd period - Slapshot by Artemi Panarin.
1:21 of 2nd period - Shot Misses the Net.
1:23 of 2nd period - Wrist shot by Artemi Panarin.
1:23 of 2nd period - Stopped by Martin Jones with a rebound.
1:25 of 2nd period - Slapshot by Mathew Dumba.
1:25 of 2nd period - Stopped by Martin Jones with a rebound.
2:00 of 2nd period - Penalty to Dennis Everberg is over, Dennis Everberg is back on ice.
2:09 of 2nd period - Wrist shot by Richard Panik.
2:09 of 2nd period - Deflect By Nate Schmidt.
2:09 of 2nd period - Shot Blocked by Corey Perry.
2:09 of 2nd period - Puck is out of play.
2:10 of 2nd period - Evgeni Malkin wins face-off versus Joel Eriksson Ek in Sabres zone.
2:21 of 2nd period - Wrist shot by Corey Perry.
2:21 of 2nd period - Stopped by Martin Jones with a rebound.
2:29 of 2nd period - Brendan Smith is hit by Robby Fabbri and loses puck.
2:49 of 2nd period - Backhand shot by Evgeni Malkin.
2:49 of 2nd period - Stopped by Martin Jones with a rebound.
2:55 of 2nd period - Robby Fabbri is hit by Jake Gardiner and loses puck.
3:04 of 2nd period - Wrist shot by Richard Panik.
3:04 of 2nd period - Stopped by John Gibson without a rebound.
3:05 of 2nd period - Nick Bjugstad wins face-off versus Artemi Panarin in Sabres zone.
3:16 of 2nd period - Snap shot by Mika Zibanejad.
3:16 of 2nd period - Shot Misses the Net.
3:26 of 2nd period - Minor Penalty to Cal Clutterbuck for Hooking.
3:27 of 2nd period - Mika Zibanejad wins face-off versus Alex Iafallo in Sabres zone.
5:23 of 2nd period - Mathew Dumba is hit by Michael Frolik and loses puck.
5:26 of 2nd period - Penalty to Cal Clutterbuck is over, Cal Clutterbuck is back on ice.
6:03 of 2nd period - Vincent Trocheck is hit by Mika Zibanejad.
6:43 of 2nd period - Snap shot by Zachary Sanford.
6:43 of 2nd period - Shot Misses the Net.
6:45 of 2nd period - Slapshot by Dmitry Sinitsyn.
6:45 of 2nd period - Shot Blocked by Nate Schmidt.
7:19 of 2nd period - Snap shot by Alex Iafallo.
7:19 of 2nd period - Shot Misses the Net.
8:23 of 2nd period - Off-side.
8:24 of 2nd period - Ilya Kovalchuk wins face-off versus Quinton Howden in neutral zone.
8:47 of 2nd period - Snap shot by Artemi Panarin.
8:47 of 2nd period - Goal by Artemi Panarin - Senateurs : 1 - Sabres : 1.
8:48 of 2nd period - Mika Zibanejad wins face-off versus Nick Bjugstad in neutral zone.
8:59 of 2nd period - Snap shot by Artemi Panarin.
8:59 of 2nd period - Deflect By Cal Clutterbuck.
8:59 of 2nd period - Shot Blocked by Michael Frolik.
8:59 of 2nd period - Puck is out of play.
9:00 of 2nd period - Mika Zibanejad wins face-off versus Alex Iafallo in Senateurs zone.
9:15 of 2nd period - Snap shot by Mika Zibanejad.
9:15 of 2nd period - Shot Blocked by Jared Cowen.
9:27 of 2nd period - Zachary Sanford is hit by Viktor Arvidsson.
9:35 of 2nd period - Snap shot by Viktor Arvidsson.
9:35 of 2nd period - Shot Blocked by Richard Panik.
9:37 of 2nd period - Wrist shot by Samuel Morin.
9:37 of 2nd period - Shot Misses the Net.
9:49 of 2nd period - Backhand shot by Riley Sheahan.
9:49 of 2nd period - Stopped by John Gibson without a rebound.
9:50 of 2nd period - Vincent Trocheck wins face-off versus Evgeni Malkin in Sabres zone.
9:51 of 2nd period - Snap shot by Riley Sheahan.
9:51 of 2nd period - Shot Misses the Net.
9:53 of 2nd period - Wrist shot by Vincent Trocheck.
9:53 of 2nd period - Stopped by John Gibson with a rebound.
10:15 of 2nd period - Dmitry Sinitsyn is hit by Evgeni Malkin and loses puck.
10:27 of 2nd period - Minor Penalty to Evgeni Malkin for Slashing.
10:28 of 2nd period - Artemi Panarin wins face-off versus Nick Bjugstad in Sabres zone.
10:28 of 2nd period - Artemi Panarin is hit by Michael Frolik.
12:27 of 2nd period - Penalty to Evgeni Malkin is over, Evgeni Malkin is back on ice.
13:09 of 2nd period - Eric Gelinas is hit by Evgeni Malkin and loses puck.
13:31 of 2nd period - Victor Hedman is hit by Dmitry Sinitsyn and loses puck.
13:48 of 2nd period - Jordan Martinook is hit by Victor Hedman and loses puck.
13:59 of 2nd period - Brendan Smith is hit by Cal Clutterbuck and loses puck.
14:45 of 2nd period - Off-side.
14:46 of 2nd period - Nick Bjugstad wins face-off versus Evgeni Malkin in neutral zone.
14:49 of 2nd period - Snap shot by Nick Bjugstad.
14:49 of 2nd period - Stopped by John Gibson without a rebound.
14:50 of 2nd period - Evgeni Malkin wins face-off versus Nick Bjugstad in Sabres zone.
14:50 of 2nd period - Evgeni Malkin is hit by Nick Bjugstad.
15:34 of 2nd period - Off-side.
15:35 of 2nd period - Vincent Trocheck wins face-off versus Jordan Staal in neutral zone.
16:24 of 2nd period - Corey Perry is hit by Jordan Schmaltz and loses puck.
17:09 of 2nd period - Snap shot by Samuel Morin.
17:09 of 2nd period - Shot Misses the Net.
17:22 of 2nd period - Icing by Alex Iafallo.
17:23 of 2nd period - Mika Zibanejad wins face-off versus Nick Bjugstad in Senateurs zone.
17:48 of 2nd period - Wrist shot by Zachary Sanford.
17:48 of 2nd period - Shot Blocked by Viktor Arvidsson.
17:56 of 2nd period - Snap shot by Jordan Staal.
17:56 of 2nd period - Shot Misses the Net.
18:45 of 2nd period - Minor Penalty to Artemi Panarin for Roughing.
18:46 of 2nd period - Mika Zibanejad wins face-off versus Nick Bjugstad in Sabres zone.
19:13 of 2nd period - Robby Fabbri is hit by Joel Eriksson Ek and loses puck.
Goals for this period are 0 for Senateurs vs 1 for Sabres.
Shots for this period are 4 for Senateurs vs 5 for Sabres.
3rd period
0:01 of 3rd period - Mika Zibanejad wins face-off versus Nick Bjugstad in neutral zone.
0:45 of 3rd period - Penalty to Artemi Panarin is over, Artemi Panarin is back on ice.
0:50 of 3rd period - Dmitry Sinitsyn is hit by Viktor Arvidsson and loses puck.
1:07 of 3rd period - Slapshot by Dennis Everberg.
1:07 of 3rd period - Stopped by John Gibson without a rebound.
1:08 of 3rd period - Robby Fabbri wins face-off versus Quinton Howden in Sabres zone.
1:37 of 3rd period - Wrist shot by Alex Iafallo.
1:37 of 3rd period - Shot Misses the Net.
1:39 of 3rd period - Snap shot by Alex Iafallo.
1:39 of 3rd period - Goal by Alex Iafallo - Senateurs : 2 - Sabres : 1.
1:40 of 3rd period - Nick Bjugstad wins face-off versus Mika Zibanejad in neutral zone.
2:34 of 3rd period - Slapshot by Jake Gardiner.
2:34 of 3rd period - Shot Blocked by Nate Schmidt.
2:36 of 3rd period - Slapshot by Dennis Everberg.
2:36 of 3rd period - Stopped by John Gibson without a rebound.
2:37 of 3rd period - Nick Bjugstad wins face-off versus Mika Zibanejad in Sabres zone.
2:56 of 3rd period - Nick Bjugstad is hit by Victor Hedman and loses puck.
3:23 of 3rd period - Snap shot by Alex Iafallo.
3:23 of 3rd period - Stopped by John Gibson with a rebound.
3:25 of 3rd period - Backhand shot by Eric Gelinas.
3:25 of 3rd period - Shot Blocked by Mathew Dumba.
3:43 of 3rd period - Snap shot by Alex Iafallo.
3:43 of 3rd period - Shot Misses the Net.
3:45 of 3rd period - Slapshot by Michael Frolik.
3:45 of 3rd period - Shot Blocked by Mathew Dumba.
3:47 of 3rd period - Wrist shot by Michael Frolik.
3:47 of 3rd period - Stopped by John Gibson with a rebound.
3:49 of 3rd period - Snap shot by Nick Bjugstad.
3:49 of 3rd period - Stopped by John Gibson with a rebound.
4:21 of 3rd period - Slapshot by Nick Bjugstad.
4:21 of 3rd period - Shot Misses the Net.
4:23 of 3rd period - Slapshot by Michael Frolik.
4:23 of 3rd period - Stopped by John Gibson with a rebound.
4:25 of 3rd period - Slapshot by Brendan Smith.
4:25 of 3rd period - Stopped by John Gibson with a rebound.
4:27 of 3rd period - Snap shot by Michael Frolik.
4:27 of 3rd period - Stopped by John Gibson without a rebound.
4:28 of 3rd period - Jordan Staal wins face-off versus Joel Eriksson Ek in Sabres zone.
4:28 of 3rd period - Jordan Staal is hit by Richard Panik.
4:54 of 3rd period - Jake Gardiner is hit by Neal Pionk and loses puck.
5:14 of 3rd period - Slapshot by Neal Pionk.
5:14 of 3rd period - Stopped by Martin Jones with a rebound.
5:16 of 3rd period - Wrist shot by Viktor Arvidsson.
5:16 of 3rd period - Deflect By Jordan Staal.
5:16 of 3rd period - Stopped by Martin Jones without a rebound.
5:17 of 3rd period - Quinton Howden wins face-off versus Jordan Staal in Senateurs zone.
5:17 of 3rd period - Quinton Howden is hit by Viktor Arvidsson.
5:29 of 3rd period - Snap shot by Quinton Howden.
5:29 of 3rd period - Stopped by John Gibson without a rebound.
5:30 of 3rd period - Evgeni Malkin wins face-off versus Joel Eriksson Ek in Sabres zone.
5:30 of 3rd period - Evgeni Malkin is hit by Zachary Sanford.
6:28 of 3rd period - Wrist shot by Vincent Trocheck.
6:28 of 3rd period - Goal by Vincent Trocheck - Senateurs : 3 - Sabres : 1.
6:29 of 3rd period - Nick Bjugstad wins face-off versus Jordan Staal in neutral zone.
6:36 of 3rd period - Icing by Alex Iafallo.
6:37 of 3rd period - Jordan Staal wins face-off versus Nick Bjugstad in Senateurs zone.
6:40 of 3rd period - Wrist shot by Samuel Morin.
6:40 of 3rd period - Stopped by Martin Jones with a rebound.
6:42 of 3rd period - Slapshot by Victor Hedman.
6:42 of 3rd period - Deflect By Viktor Arvidsson.
6:42 of 3rd period - Deflect By Nick Bjugstad.
6:42 of 3rd period - Shot Misses the Net.
6:42 of 3rd period - Puck is out of play.
6:43 of 3rd period - Nick Bjugstad wins face-off versus Mika Zibanejad in Senateurs zone.
7:10 of 3rd period - Riley Sheahan is hit by Samuel Morin and loses puck.
7:17 of 3rd period - Wrist shot by Jordan Staal.
7:17 of 3rd period - Shot Blocked by Jared Cowen.
7:19 of 3rd period - Slapshot by Victor Hedman.
7:19 of 3rd period - Deflect By Jake Gardiner.
7:19 of 3rd period - Stopped by Martin Jones with a rebound.
7:21 of 3rd period - Slapshot by Victor Hedman.
7:21 of 3rd period - Deflect By Viktor Arvidsson.
7:21 of 3rd period - Shot Misses the Net.
7:21 of 3rd period - Puck is out of play.
7:22 of 3rd period - Nick Bjugstad wins face-off versus Mika Zibanejad in Senateurs zone.
7:59 of 3rd period - Icing by Richard Panik.
8:00 of 3rd period - Joel Eriksson Ek wins face-off versus Mika Zibanejad in Senateurs zone.
9:19 of 3rd period - Tyson Barrie is hit by Dennis Everberg and loses puck.
10:30 of 3rd period - Snap shot by Mika Zibanejad.
10:30 of 3rd period - Shot Misses the Net.
10:50 of 3rd period - Nick Bjugstad is hit by Victor Hedman and loses puck.
11:27 of 3rd period - Snap shot by Artemi Panarin.
11:27 of 3rd period - Shot Misses the Net.
12:01 of 3rd period - Nate Schmidt is hit by Riley Sheahan and loses puck.
13:40 of 3rd period - Icing by Zachary Sanford.
13:41 of 3rd period - Nick Bjugstad wins face-off versus Mika Zibanejad in Senateurs zone.
14:36 of 3rd period - Jordan Martinook is hit by Evgeni Malkin and loses puck.
15:42 of 3rd period - Snap shot by Joel Eriksson Ek.
15:42 of 3rd period - Deflect By Richard Panik.
15:42 of 3rd period - Shot Misses the Net.
15:42 of 3rd period - Puck is out of play.
15:43 of 3rd period - Viktor Arvidsson wins face-off versus Richard Panik in Sabres zone.
15:43 of 3rd period - Viktor Arvidsson is hit by Dmitry Sinitsyn.
16:04 of 3rd period - Snap shot by Joel Eriksson Ek.
16:04 of 3rd period - Shot Misses the Net.
16:06 of 3rd period - Wrist shot by Joel Eriksson Ek.
16:06 of 3rd period - Shot Blocked by Mathew Dumba.
16:08 of 3rd period - Snap shot by Joel Eriksson Ek.
16:08 of 3rd period - Deflect By Viktor Arvidsson.
16:08 of 3rd period - Stopped by John Gibson without a rebound.
16:09 of 3rd period - Evgeni Malkin wins face-off versus Nick Bjugstad in Sabres zone.
16:36 of 3rd period - Jordan Martinook is hit by Jordan Staal and loses puck.
16:43 of 3rd period - Snap shot by Jordan Staal.
16:43 of 3rd period - Stopped by Martin Jones with a rebound.
16:45 of 3rd period - Snap shot by Viktor Arvidsson.
16:45 of 3rd period - Shot Misses the Net.
17:13 of 3rd period - Snap shot by Alex Iafallo.
17:13 of 3rd period - Shot Blocked by Victor Hedman.
17:24 of 3rd period - Eric Gelinas is hit by Cal Clutterbuck.
19:34 of 3rd period - Snap shot by Corey Perry.
19:34 of 3rd period - Stopped by Martin Jones with a rebound.
19:36 of 3rd period - Snap shot by Kyle Okposo.
19:36 of 3rd period - Shot Misses the Net.
Goals for this period are 2 for Senateurs vs 0 for Sabres.
Shots for this period are 12 for Senateurs vs 6 for Sabres.